Unix NetHack Version 5.0.0-0 post-release - last build Jul 19 2026 19:10:59 (3aa4ab31751d3886436d94b585a96704892fd477,branch:main).

Game began 2026-07-28 03:29:17, ended 2026-07-28 03:36:26.

Jinnora, neutral female human Healer

                                             --
                                              .
                                         |    |.
                                         |..  |.---
                                           -.....<---  |
                                           |.. --...| .|
                                           --   |.d.--.|
                                                |.eh...--
                                                |...@G..|
                                                --->....-
                                                  |...........
                                                  -------------

Jinnora the Rhizotomist      St:7 Dx:14 Co:12 In:10 Wi:14 Ch:18  Neutral
Dlvl:4  $:1221 HP:0(17) Pw:1(6) AC:7  Xp:1/8 T:1170 

Latest messages:
 The dog bites it.
 It thrusts its dagger at the dog.
 It hits the dog.
 The dog bites it.
 The dog picks up a crossbow.
 You hear some noises.
 You climb up the stairs.
 The dog misses the gnome.
 The dog bites the gnome.
 The gnome is killed!
 The dwarf picks up a gem.
 The dog misses the dwarf.
 The dog misses the dwarf.
 The dog drops a crossbow.
 The dog misses the dwarf.
 The dog misses the dwarf.
 Your dog eats a gnome corpse.
 You hear crashing rock.
 The dwarf picks up a crossbow.
 You hit the dwarf.
 You miss the dwarf.
 The dwarf swings his pick-axe.
 The dwarf hits!
 The dog misses the dwarf.
 What do you want to drink? [defw or ?*] ?
 You feel much better.
 The dog misses the dwarf.
 The dwarf swings his pick-axe.
 The dwarf hits!
 What do you want to use or apply? [cg-jl-n or ?*] q
 Sorry, I don't know how to use that.
 What do you want to drink? [defw or ?*] f
 You feel much better.
 The dog misses the dwarf.
 The dwarf swings his pick-axe.
 The dwarf hits!
 In what direction? .
 You feel better.
 The dog misses the dwarf.
 The dwarf swings his pick-axe.
 The dwarf hits!
 The dog misses the dwarf.
 What do you want to write with? [- agnoq-tvy or ?*] -
 You write in the dust with your fingertip.
 What do you want to write in the dust here? Elbereth
 The dog misses the dwarf.
 The dwarf swings his pick-axe.
 The dwarf hits!
 You die...
 Do you want your possessions identified? [ynq] (y) q

Inventory:
 Coins    ('$')
  $ - 1221 gold pieces
 Weapons  (')')
  a - a blessed +0 scalpel (weapon in right hand)
 Armor    ('[')
  b - an uncursed +1 pair of leather gloves (being worn)
  z - an uncursed +0 pair of iron shoes
  A - an uncursed +0 pair of jumping boots (being worn)
 Comestibles  ('%')
  k - 7 uncursed apples
  l - an uncursed eucalyptus leaf
  x - an uncursed lichen corpse
 Scrolls  ('?')
  u - a cursed scroll of confuse monster
 Spellbooks  ('+')
  i - a blessed spellbook of extra healing
  h - a blessed spellbook of healing
  j - a blessed spellbook of stone to flesh
 Potions  ('!')
  f - 2 uncursed potions of extra healing
  w - an uncursed potion of gain ability
  e - 2 blessed potions of healing
  d - 3 uncursed potions of healing
 Rings    ('=')
  v - a cursed ring of polymorph
 Wands    ('/')
  g - an uncursed wand of sleep (0:5)
 Tools    ('(')
  m - a cursed skeleton key
  c - an uncursed stethoscope
  n - a cursed towel
 Gems/Stones  ('*')
  t - an uncursed amethyst stone
  y - an uncursed chrysoberyl stone
  o - 2 cursed garnet stones
  q - an uncursed worthless piece of black glass
  r - 2 uncursed worthless pieces of orange glass
  s - 2 uncursed worthless pieces of violet glass

Jinnora the Healer's attributes:

Background:
 You were a Rhizotomist, a level 1 female human Healer.
 You were neutral, on a mission for Hermes
 who was opposed by Athena (lawful) and Poseidon (chaotic).
 You were right-handed.
 You were in the Gnomish Mines, on level 4.
 You entered the dungeon 1170 turns ago.
 It was nighttime.
 You had 8 experience points, 12 more were needed to attain level 2.

Basics:
 You had 0 out of 17 hit points.
 You had 1 out of 6 energy points (spell power).
 Your armor class was 7.
 Your wallet contained 1221 zorkmids.
 Autopickup was off.

Final Characteristics:
 Your strength was 7 (limit:18/100).
 Your dexterity was 14 (limit:18).
 Your constitution was 12 (limit:18).
 Your intelligence was 10 (limit:18).
 Your wisdom was 14 (limit:18).
 Your charisma was 18 (limit:18).

Final Status:
 You weren't hungry.
 You were unencumbered.
 You were wielding a knife.
 You had basic skill with knife.

Final Attributes:
 You were fervently aligned.
 You were poison resistant.
 You could jump.
 You are dead.

Miscellaneous:
 You didn't encounter any bones levels.
 Total elapsed playing time was 7 minutes and 9 seconds.

Major events:
 Turn
    1: Jinnora the neutral female human Healer entered the dungeon
 1093: entered the Gnomish Mines
 1170: killed by a dwarf

Spells:
 Name                 Level Category     Fail Retention
 healing                1   healing        0%  91%-100%
 extra healing          3   healing       68%  91%-100%
 stone to flesh         3   healing       76%  91%-100%

Skills:
 Fighting Skills
   bare handed combat [Unskilled]
 Weapon Skills
   dagger             [Unskilled]
   knife              [Basic]
   short sword        [Unskilled]
   saber              [Unskilled]
   club               [Unskilled]
   mace               [Unskilled]
   quarterstaff       [Unskilled]
   polearms           [Unskilled]
   spear              [Unskilled]
   trident            [Unskilled]
   sling              [Unskilled]
   dart               [Unskilled]
   shuriken           [Unskilled]
   unicorn horn       [Unskilled]
 Spellcasting Skills
   healing spells     [Basic]

Voluntary challenges:
 Character rerolling was not enabled.
 You never genocided any monsters.
 You never polymorphed an object.
 You never changed form.
 You used no wishes.
Achievements:
 You entered a shop.
 You entered the Gnomish Mines.

 The Dungeons of Doom: levels 1 to 3
    Level 1:
    Level 2:
       An armor shop, a fountain.
    Level 3:
       Stairs down to The Gnomish Mines.
 The Gnomish Mines: levels 4 to 6
    Level 4: <- You were here.
       Final resting place for
          you, killed by a dwarf.
    Level 5:
    Level 6:


Vanquished creatures:
  a hobbit
  a giant rat
  3 gnomes
  6 jackals
  a kobold
  3 goblins
  4 grid bugs
  a lichen
  8 newts
28 creatures vanquished.

No species were genocided or became extinct.

Game over:
                       ----------
                      /          \
                     /    REST    \
                    /      IN      \
                   /     PEACE      \
                  /                  \
                  |     Jinnora      |
                  |     1221 Au      |
                  |   killed by a    |
                  |      dwarf       |
                  |                  |
                  |                  |
                  |       2026       |
                 *|     *  *  *      | *
        _________)/\\_//(\/(/\)/\//\/|_)_______

Goodbye Jinnora the Healer...

You died in The Gnomish Mines on dungeon level 4 with 300 points,
and 1221 pieces of gold, after 1170 moves.
You were level 1 with a maximum of 17 hit points when you died.

